 Dungeon Crawl Stone Soup version 0.31-a0-486-g8d68a81214 (webtiles) character file.

Game seed: 3583445668586369355

116 AstroCodex24 the Trooper (level 4, -7/35 HPs)
             Began as a Vampire Fighter on Aug 7, 2023.
             Mangled by an ogre
             ... wielding a +0 giant club
              (17 damage)
             ... on level 5 of the Dungeon.
             The game lasted 00:02:19 (511 turns).

AstroCodex24 the Trooper (Vampire Fighter)           Turns: 511, Time: 00:02:20

Health: -7/35      AC:  6    Str: 17    XL:     4   Next: 69%
Magic:  4/4        EV:  9    Int: 10    God:
Gold:   52         SH:  4    Dex: 13    Spells: 3/3 levels left

rFire   . . .        a - +0 war axe
rCold   . . .        c - +0 buckler
rNeg    . . .        b - +0 scale mail
rPois   .            (no helmet)
rElec   .            (no cloak)
rCorr   .            (no gloves)
SInv    +            (no boots)
Will    .....        (no amulet) Stlth
                     (no ring)
HPRegen 0.45/turn    (no ring)
MPRegen 0.09/turn

%: no passive effects
@: healing quickly
A: alive, fangs 3, see invisible, vampiric 2
a: Exsanguinate


You were on level 5 of the Dungeon.
You visited 1 branch of the dungeon, and saw 5 of its levels.

You collected 52 gold pieces.

Inventory:

Hand Weapons
 a - a +0 war axe (weapon)
Armour
 b - a +0 scale mail (worn)
 c - a +0 buckler (worn)
Wands
 g - a wand of quicksilver (3)
 i - a wand of mindburst (21)
Scrolls
 e - a scroll of identify {unknown}
 h - a scroll of fog {unknown}
Potions
 d - a potion of might
 f - a potion of magic {unknown}


   Skills:
 + Level 3.2 Fighting
 + Level 2.8 Axes
 + Level 3.2 Armour
 + Level 0.2 Dodging
 + Level 3.2 Shields


You had 3 spell levels left.
You didn't know any spells.
Your spell library was empty.

Dungeon Overview and Level Annotations

Branches:
Dungeon (5/15)
 Temple: D:4-7

Altars:


Innate Abilities, Weirdness & Mutations

Your natural rate of healing is accelerated.
You have razor-sharp teeth.
You have supernaturally acute eyesight. (SInv)
You are afflicted with vampirism and can become a bat while bloodless.


Message History

You miss the orc wizard. You bite the orc wizard.
You kill the orc wizard!
Things that are here:
a +0 dagger; a +0 robe You see here a +0 flail.
You feel less confused.
You see here a +0 flail.
Found a robe.
As you open the door, it creaks loudly!
There is an open door here.
You open the door.
Found a stone staircase leading down.
There is an open door here.
Found 4 stones.
There is a stone staircase leading down here.
You climb downwards.
Found 4 stones and a scroll labelled BAOVAA DOTUAK.
Found a stone staircase leading down.
There is a stone staircase leading up here.
Found an escape hatch in the ceiling.
h - a scroll labelled BAOVAA DOTUAK
Found a jewelled brass wand.
i - a wand of mindburst (22)
Found 18 gold pieces.
You now have 52 gold pieces (gained 18).
An ogre comes into view. It is wielding a +0 giant club.
The ogre barely misses you.
Aiming: Mindburst
Press: ? - help, Q - select action, (/) - cycle Shift-Dir - straight line, f - ogre
Aim: an ogre, wielding a +0 giant club (chance to affect: 64%)
The ogre struggles to resist.
You hit the ogre.
The ogre is lightly wounded.
The ogre hits you with a +0 giant club!!
Ouch! That really hurt!
* * * LOW HITPOINT WARNING * * *
You hit the ogre.
The ogre is lightly wounded.
The ogre hits you with a +0 giant club!
You die...

#..#.#
#.##.#
#.##'##
#.....#
#.....#
#.....#
####.....#
#...O....##
#...@.....#
#...........
#....~..~~..
##.#~...≈~#.
#.#~....~#
#.#♣~..♣~.~
#. ~~.....
...~~..


You could see an ogre.

Vanquished Creatures
  An orc priest (D:4)
  2 orc wizards
  An adder (D:2)
  A dart slug (D:3)
  8 orcs
  2 endoplasms
  A giant cockroach (D:1)
  A ball python (D:3)
  2 frilled lizards
  2 kobolds (D:3)
  2 rats
23 creatures vanquished.

Notes
Turn   | Place    | Note
-------+----------+-------------------------------------------
     0 | D:1      | AstroCodex24 the Vampire Fighter began the quest for the
                  | Orb.
     0 | D:1      | Reached XP level 1. HP: 17/17 MP: 1/1
    84 | D:2      | Reached XP level 2. HP: 23/23 MP: 2/2
   230 | D:3      | Gained mutation: You are afflicted with vampirism and can
                  | become a bat while bloodless. [Vampire growth]
   230 | D:3      | Reached XP level 3. HP: 8/29 MP: 3/3
   389 | D:4      | Reached XP level 4. HP: 27/35 MP: 4/4
   448 | D:5      | Entered Level 5 of the Dungeon
   501 | D:5      | Noticed an ogre
   511 | D:5      | Mangled by an ogre

Illustrated notes

Levels and vault maps discovered:
D:1:      dpeg_arrival_prison, layout_basic
D:2:      layout_rooms, serial_co_window_serial, co_window_corner_a,
          co_window_of_opportunity_a, co_window_cross_1, co_window_corner_a,
          co_window_corner_a, co_window_corner_b, co_window_unsneaky_path_d,
          co_window_broadway_c, co_window_sun, co_window_4corner_a,
          glass_columns_b, basic_altar, serial_shops, shop_fountains,
          nrook_mini_vaults, corexii_item_surrounded_by_moat
D:3:      layout_loops_ring, lemuel_zombie_altar_kikubaaqudgha,
          overflow_temple_1_default, uniq_natasha
D:4:      layout_gridville, serial_undead, serial_undead_a, serial_undead_a,
          serial_undead_c, serial_undead_f, minmay_tree_intersection,
          chequers_serial_rivers_small_a
D:5:      minmay_clustersquares, layout_basic, mainiacjoe_overflow_boulevard,
          lemuel_tele_altar, chequers_serial_rivers_marsh,
          uniq_crazy_yiuf_cottage

Skill      XL: |  1  2  3 |
---------------+----------+-----
Fighting       | 3 |  3.2
Axes           | 2 |  2.8
Shields        | 3 |  3.2
Armour         | 3 |  3.2
Dodging        | |  0.2

Action                     |  1- 3 |  4- 6 || total
---------------------------+-------+-------++-------
  Melee: War axe           |    38 |    15 ||    53
         Bite              |     7 |     2 ||     9
  Evoke: Wand              |       |     1 ||     1
 Armour: Scale mail        |    21 |    10 ||    31
  Dodge: Dodged            |    16 |    11 ||    27
  Block: Buckler           |    11 |     3 ||    14

Table legend: (Time is in decaauts)
 A = Elapsed time spent in this place.
 B = Non-inter-level travel time spent in this place.
 C = Inter-level travel time spent in this place.
 D = Time resting spent in this place.
 E = Time spent auto-exploring this place.
 F = Levels seen in this place.
 G = Mean time per level.
                   A        B        C        D        E       F      G
               +--------+--------+--------+--------+--------+-----+--------+
         Total |    532 |    529 |      3 |      0 |      0 |   5 |  106.4 |
       Dungeon |    532 |    529 |      3 |      0 |      0 |   5 |  106.4 |
               +--------+--------+--------+--------+--------+-----+--------+

Top non-repeatable levels by time:
     D:3: 253 daAuts
     D:4: 101 daAuts
     D:1: 74 daAuts
     D:5: 63 daAuts
     D:2: 39 daAuts
